Map: Frost LE

Players

Erik - Winner!

  • Race: Zerg Zerg
  • League: Grandmaster
  • Spawn Location: 7:00

Chammy (Cham)

  • Race: Zerg Zerg
  • League: Grandmaster
  • Spawn Location: 1:00

Event: Copa América 2016 Grand Finals

VOD

Have the link to the VOD?

Description

Time

  • Played on: Oct. 13, 2016, 5:02 p.m.
  • Length: 20:21

All games in this series

Show
View Real Time Build Order
Export as new Build Order

Erik Zerg - Winner!

Build Orders: Pool First 

Get SALT Encoding   

  12  0:01  Drone  
  13  0:12  Overlord  
  13  0:17  Drone  
  14  0:31  Drone x2  
  14  0:35  Drone  
  17  0:37  Extractor  
  16  0:48  Spawning Pool  
  15  0:50  Drone  
  15  0:56  Drone  
  17  1:17  Hatchery  
  16  1:24  Drone  
  17  1:36  Metabolic Boost  
  17  1:40  Queen  
  17  1:44  Drone  
  20  1:49  Drone  
  21  1:55  Overlord  
  21  2:07  Zergling x2  
  22  2:10  Extractor, Zergling x2  
  23  2:16  Queen  
  23  2:18  Drone  
  26  2:29  Drone x2  
  28  2:38  Drone  
  28  2:40  Drone  
  30  2:48  Drone x3  
  33  2:53  Drone x2  
  33  2:54  Evolution Chamber  
  34  3:02  Drone x2  
  36  3:13  Spine Crawler  
  36  3:14  Overlord  
  36  3:17  Overlord  
  35  3:24  Zerg Ground Armor Level 1  
  35  3:32  Queen  
  35  3:33  Zergling x8  
  35  3:34  Zergling x2  
  42  3:40  Baneling Nest  
  39  3:42  Evolution Chamber  
  38  3:49  Evolution Chamber  
  38  3:50  Zergling x4  
  38  3:52  Drone  
  40  3:57  Drone x3  
  43  4:07  Zergling x6  
  41  4:10  Zergling x4  
  41  4:11  Zergling x2  
  40  4:17  Zergling x2  
  38  4:24  Zergling x4  
  38  4:29  Queen  
  37  4:33  Zergling x2  
  35  4:39  Zergling x2  
  35  4:44  Baneling x2  
  33  4:48  Zergling x4  
  34  4:58  Zergling x2  
  34  4:59  Zergling x2  
  31  5:09  Zergling x2  
  31  5:10  Zergling x2  
  29  5:18  Zergling x4  
  28  5:27  Zergling x2  
  23  5:32  Baneling x2  
  23  5:37  Zergling x2  
  23  5:38  Zergling x2  
  25  5:49  Zergling x8  
  27  6:00  Zergling x4  
  27  6:01  Zergling x2  
  27  6:02  Baneling  
  29  6:09  Drone  
  30  6:14  Zerg Melee Weapons Level 1  
  28  6:21  Zergling x4  
  28  6:23  Baneling  
  28  6:24  Baneling  
  30  6:28  Queen  
  30  6:31  Zergling x2  
  33  6:34  Zergling x2  
  34  6:46  Zergling x4  
  34  6:47  Zergling x2  
  36  6:53  Zergling x2  
  36  7:04  Zergling x4  
  36  7:05  Zergling x2  
  39  7:12  Queen  
  39  7:14  Drone  
  41  7:16  Drone  
  42  7:25  Baneling  
  42  7:26  Baneling x3  
  42  7:29  Zergling x4  
  44  7:34  Drone  
  43  7:43  Zergling x6  
  43  7:44  Zergling x2  
  36  7:54  Zergling x4  
  36  7:55  Baneling  
  36  7:56  Baneling  
  36  8:00  Zergling x2  
  36  8:01  Baneling x4  
  37  8:09  Queen  
  35  8:36  Zergling x6  
  35  8:39  Drone x4  
  35  8:40  Drone, Baneling x2  
  40  8:49  Zergling x6  
  40  8:50  Zergling x2  
  44  8:59  Baneling  
  44  9:00  Baneling x3  
  44  9:07  Spine Crawler  
  44  9:09  Zergling x4  
  46  9:10  Zergling x2  
  45  9:22  Baneling x2  
  45  9:25  Zergling x10  
  49  9:41  Drone x3  
  49  9:43  Extractor  
  51  9:46  Drone  
  51  9:47  Extractor  
  51  9:55  Overlord  
  46  10:08  Drone x2  
  46  10:11  Zergling x10  
  49  10:21  Zergling x2  
  46  10:33  Zergling x2  
  46  10:34  Zergling x4  
  44  10:39  Lair  
  44  10:41  Drone  
  45  10:48  Drone x3  
  45  10:49  Drone  
  49  10:54  Drone  
  44  11:05  Zergling x4  
  42  11:11  Extractor  
  42  11:17  Drone x4  
  45  11:19  Zergling x6  
  45  11:20  Zergling x2  
  45  11:22  Baneling x2  
  45  11:23  Baneling x2  
  49  11:27  Overlord  
  49  11:36  Zergling x2  
  50  11:51  Zergling x16  
  58  12:02  Drone  
  58  12:04  Spire  
  56  12:12  Baneling x2  
  56  12:15  Overlord  
  56  12:16  Drone  
  56  12:17  Drone  
  56  12:18  Drone x2  
  58  12:32  Overlord  
  56  12:52  Hatchery  
  52  13:17  Mutalisk  
  52  13:18  Mutalisk x7  
  67  13:31  Mutalisk  
  67  13:32  Mutalisk x4  
  76  13:39  Overlord x2  
  75  14:09  Baneling x4  
  75  14:12  Zergling x16  
  75  14:13  Zergling x2  
  84  14:24  Drone x4  
  84  14:39  Drone  
  84  14:40  Drone  
  84  14:43  Hatchery  
  85  14:51  Baneling  
  85  14:52  Baneling x3  
  85  14:59  Zergling x2  
  86  15:00  Zergling x10  
  86  15:03  Zerg Ground Armor Level 2  
  91  15:13  Zerg Melee Weapons Level 2  
  91  15:19  Hydralisk Den  
  91  15:21  Zergling x2  
  91  15:24  Overlord x2  
  91  15:32  Overlord x2  
  87  15:43  Drone x4  
  90  15:58  Zergling x2  
  90  15:59  Zergling x8  
  95  16:05  Lurker Den  
  74  16:46  Hydralisk x3  
  73  16:56  Drone x3  
  73  16:57  Drone  
  73  17:32  Lurker  
  73  17:33  Lurker x2  
  74  17:37  Mutalisk x4  
  74  17:38  Mutalisk  
  74  17:41  Hydralisk x3  
  86  18:00  Drone x3  
  86  18:01  Drone  
  90  18:07  Lurker x3  
  90  18:10  Extractor x2  
  91  18:20  Hydralisk x2  
  91  18:26  Zergling x12  
  99  18:50  Zergling x10  
  99  18:51  Zergling x10  
  95  19:14  Zergling x2  
  95  19:15  Zergling x10  
  99  19:25  Drone x2  
  99  19:30  Hydralisk x2  
Show
View Real Time Build Order
Export as new Build Order

Chammy Zerg 

Build Orders: Hatch First 

Get SALT Encoding   

  12  0:00  Drone  
  13  0:10  Drone  
  14  0:17  Overlord  
  14  0:36  Drone x3  
  17  0:48  Extractor  
  16  0:56  Hatchery  
  15  1:00  Drone  
  16  1:05  Drone  
  16  1:10  Drone  
  18  1:20  Evolution Chamber  
  17  1:31  Spawning Pool  
  16  1:37  Drone  
  16  1:38  Drone  
  18  1:48  Zerg Melee Weapons Level 1  
  18  1:54  Drone  
  19  2:02  Overlord  
  19  2:18  Queen  
  19  2:20  Queen  
  23  2:26  Metabolic Boost  
  23  2:32  Zergling x2  
  23  2:34  Zergling x2  
  25  2:40  Overlord  
  25  2:45  Zergling x2  
  25  2:47  Zergling x2  
  25  2:49  Zergling x2  
  28  2:57  Overlord  
  28  3:03  Zergling x2, Evolution Chamber  
  27  3:05  Zergling x2  
  27  3:07  Zergling x2  
  27  3:11  Zergling x2  
  29  3:14  Zergling x2  
  30  3:22  Overlord  
  30  3:25  Zergling x4  
  32  3:28  Zergling x2  
  32  3:32  Zergling x2  
  32  3:33  Zergling x4  
  37  3:38  Zergling x2  
  37  3:39  Zergling x2  
  39  3:42  Zergling x2  
  39  3:48  Zergling x2  
  41  3:50  Zergling x2  
  41  3:54  Zergling x2  
  43  4:00  Zergling x4  
  43  4:01  Zergling x2  
  45  4:05  Zergling x2  
  45  4:08  Zergling x4  
  45  4:14  Zergling x4  
  44  4:18  Zergling x2  
  44  4:22  Zergling x2  
  45  4:27  Zergling x2  
  45  4:29  Zergling x2  
  38  4:40  Zergling x2  
  38  4:43  Zergling x2  
  37  4:50  Zergling x2  
  37  4:52  Zergling x2  
  36  5:00  Zergling x2  
  36  5:06  Zergling x2  
  36  5:07  Zergling x4  
  38  5:09  Zergling x6  
  38  5:13  Zergling x2  
  41  5:19  Zergling x2  
  41  5:20  Zergling x2  
  40  5:31  Zergling x4  
  38  5:47  Zergling x8  
  38  5:48  Zergling x4  
  36  5:57  Zergling x2  
  36  5:58  Zergling x4  
  36  6:00  Zergling x2  
  36  6:03  Zergling x2  
  40  6:11  Zergling x2  
  40  6:13  Baneling Nest  
  40  6:14  Zergling x2  
  36  6:20  Zergling x2  
  36  6:21  Zergling x8  
  36  6:23  Zergling x4  
  43  6:30  Zergling x2  
  44  6:36  Zergling x2  
  44  6:38  Zergling x2  
  46  6:44  Zergling x2  
  46  6:52  Zergling x8  
  46  6:53  Zergling x2  
  47  6:57  Zerg Ground Armor Level 1  
  47  7:09  Zergling x2  
  47  7:10  Drone  
  47  7:11  Drone x2  
  47  7:13  Baneling  
  47  7:14  Baneling  
  51  7:16  Baneling  
  51  7:20  Zergling x2  
  52  7:24  Zergling x2  
  53  7:30  Zergling x4  
  53  7:34  Zergling x2  
  53  7:40  Zergling x2  
  53  7:41  Zergling x2  
  44  7:47  Zergling x4  
  44  7:48  Zergling x2  
  37  7:52  Zergling x2  
  35  7:59  Baneling x3  
  35  8:01  Zergling x2  
  36  8:08  Baneling x2  
  36  8:15  Zergling x2  
  32  8:20  Zergling x2  
  28  8:34  Zergling x6  
  29  8:35  Zergling x6  
  32  8:44  Drone  
  32  8:45  Drone x2  
  34  8:53  Baneling x2  
  34  8:55  Drone  
  35  8:57  Baneling x2  
  35  9:05  Drone x2  
  37  9:11  Drone x2  
  37  9:13  Baneling  
  30  9:19  Drone  
  30  9:22  Drone  
  32  9:25  Drone  
  34  9:31  Drone  
  34  9:39  Drone x2  
  34  9:42  Drone  
  37  9:53  Queen  
  37  9:56  Baneling x2  
  37  9:57  Zergling x2  
  40  10:01  Zergling x2, Baneling  
  40  10:03  Zergling x2  
  41  10:10  Zergling x6  
  43  10:14  Zergling x2  
  43  10:23  Zergling x4  
  32  10:36  Zergling x6  
  32  10:37  Zergling x2  
  32  10:42  Zergling x4  
  38  10:45  Drone  
  39  10:54  Zergling x4  
  35  11:05  Zergling x4  
  35  11:08  Zergling x4, Queen  
  42  11:12  Zergling x4  
  42  11:14  Zergling x2  
  42  11:17  Drone  
  44  11:33  Drone x3  
  44  11:34  Hatchery  
  44  11:36  Baneling  
  46  11:40  Drone x2  
  48  11:56  Zergling x10  
  48  11:58  Zergling x2  
  54  12:07  Queen  
  56  12:08  Zergling x2  
  56  12:12  Zergling x2  
  56  12:13  Zergling x2  
  56  12:14  Zergling x2  
  59  12:17  Baneling x2  
  59  12:18  Baneling  
  59  12:22  Hatchery  
  55  12:39  Drone x2  
  55  12:40  Drone  
  55  12:41  Zergling x2  
  55  12:42  Zergling x2  
  55  12:43  Overlord  
  60  12:56  Overlord x2  
  60  13:01  Baneling x2  
  60  13:02  Baneling x2  
  60  13:03  Zergling x2  
  59  13:13  Drone  
  59  13:16  Drone  
  59  13:17  Zergling x8  
  59  13:19  Zergling x4  
  61  13:25  Zergling x2  
  61  13:32  Zergling x4  
  63  13:36  Zergling x2  
  63  13:40  Zergling x6  
  67  13:44  Queen x2  
  61  13:50  Zergling x4  
  61  13:52  Queen  
  61  13:54  Zergling x2  
  65  13:57  Zergling x2  
  65  14:00  Zergling x4  
  68  14:05  Overlord  
  68  14:08  Overlord  
  68  14:14  Overlord  
  68  14:18  Overlord  
  68  14:24  Overlord  
  65  14:31  Queen  
  63  14:33  Zergling x4  
  63  14:38  Zergling x2  
  62  14:45  Zergling x6  
  65  14:50  Zergling x2  
  65  14:51  Zergling x8  
  68  14:59  Zergling x2  
  69  15:02  Zergling x2  
  69  15:03  Baneling x2  
  69  15:04  Zergling x2  
  71  15:11  Zergling x4  
  72  15:14  Baneling x3  
  72  15:15  Queen  
  74  15:22  Queen  
  74  15:24  Zergling x2  
  75  15:41  Drone x2  
  75  15:42  Zergling x4  
  74  15:47  Zergling x4  
  74  15:53  Zergling x4  
  74  15:54  Zergling x8  
  77  15:59  Zergling x4  
  78  16:06  Zergling x4  
  78  16:09  Zergling x2  
  81  16:12  Queen  
  76  16:19  Zergling x2  
  76  16:22  Zergling x2  
  75  16:27  Zergling x2  
  75  16:28  Queen  
  75  16:30  Zergling x4  
  79  16:34  Zergling x4  
  78  16:41  Zergling x4  
  76  16:53  Zergling x4  
  77  16:54  Zergling x2  
  78  17:06  Queen x2  
  82  17:09  Zergling x4  
  82  17:11  Baneling x3  
  82  17:12  Baneling  
  83  17:17  Baneling x2  
  83  17:18  Zergling x4  
  83  17:22  Zergling x2  
  85  17:29  Zergling x8  
  77  17:36  Zergling x6  
  73  17:40  Zergling x2  
  73  17:41  Zergling x2  
  73  17:42  Zergling x2  
  75  17:47  Zergling x2  
  74  17:55  Lair  
  74  17:56  Zergling x4  
  72  18:01  Zergling x4  
  72  18:03  Zergling x2  
  74  18:09  Zergling x2  
  74  18:12  Zergling x6  
  78  18:14  Zergling x2  
  80  18:27  Zergling x2  
  80  18:29  Zergling x6  
  83  18:35  Drone x2  
  83  18:36  Drone  
  85  18:50  Zergling x4  
  85  18:51  Queen x2  
  85  18:54  Zergling x4  
  80  19:06  Zergling x4  
  80  19:07  Zergling x4  
  80  19:09  Zergling x2  
  68  19:11  Zergling x6  
  71  19:21  Zergling x2  
  71  19:22  Zergling x2  
  71  19:24  Zergling x2  
  74  19:31  Hatchery  
  73  19:40  Zergling x4, Overseer  
  73  19:42  Zergling x4  
  73  19:45  Zergling x2  
  74  19:49  Zergling x2  
  74  19:52  Zergling x4  
Tags
 
Add a new tag
Caveats
  • Supply blocks, unpowered buildings, or Contaminate may cause inaccurate times.
  • Supply counts are checked every 10 seconds.